Map: Ruins of Seras

Players

Craig

  • Race: Zerg Zerg
  • League: Silver

SticklerMac - Winner!

  • Race: Zerg Zerg
  • League: Bronze

VOD

Have the link to the VOD?

Description

Time

  • Played on: Aug. 11, 2015, 8:36 p.m.
  • Length: 18:59
Show
View Real Time Build Order
Export as new Build Order

Craig Zerg 

Build Orders: Pool First 

Get SALT Encoding   

  12  0:02  Drone  
  13  0:23  Spawning Pool  
  12  0:34  Overlord  
  12  0:44  Drone x2  
  14  1:10  Queen  
  16  1:11  Zergling x6  
  19  1:20  Extractor  
  19  1:22  Zergling x2  
  19  1:40  Zergling x2  
  19  1:46  Zergling x2  
  21  2:09  Zergling x2  
  21  2:10  Overlord  
  22  2:24  Overlord  
  21  2:43  Metabolic Boost  
  21  2:52  Drone x2  
  21  2:53  Drone x2  
  21  2:54  Hatchery  
  24  2:59  Queen  
  24  3:04  Drone x2  
  28  3:08  Zergling x2  
  26  3:25  Zergling x6  
  26  3:31  Spine Crawler  
  25  3:36  Spine Crawler  
  24  3:47  Zergling x4  
  26  3:52  Roach Warren  
  25  4:05  Spine Crawler  
  24  4:11  Drone  
  25  4:21  Drone x3  
  25  4:22  Drone  
  29  4:29  Drone  
  29  4:30  Drone, Extractor  
  30  4:42  Evolution Chamber  
  29  4:48  Evolution Chamber  
  29  4:50  Drone  
  29  4:52  Roach  
  31  5:01  Roach  
  31  5:03  Roach  
  34  5:08  Roach  
  36  5:23  Roach  
  36  5:24  Roach x2  
  30  5:50  Zerg Missile Weapons Level 1  
  30  5:56  Roach x3  
  30  5:57  Roach  
  38  6:17  Overlord x2  
  38  6:26  Zerg Ground Armor Level 1  
  38  6:42  Drone x3  
  41  6:55  Lair  
  41  7:13  Roach x2  
  45  7:16  Roach  
  47  7:31  Drone x3  
  50  7:51  Roach  
  52  7:58  Hydralisk Den  
  51  8:01  Spore Crawler  
  51  8:02  Spore Crawler x2  
  48  8:18  Lurker Den  
  48  8:22  Drone x2  
  48  8:23  Drone  
  51  8:57  Overseer  
  51  9:15  Pneumatized Carapace  
  51  9:19  Drone  
  51  9:20  Drone x2  
  51  9:21  Overlord x3  
  54  9:44  Spore Crawler x2  
  52  9:46  Hydralisk  
  52  9:49  Hydralisk  
  56  10:14  Hydralisk  
  56  10:30  Hydralisk x4  
  64  10:56  Hatchery  
  63  11:09  Lurker  
  64  11:15  Lurker  
  65  11:21  Hydralisk x2  
  69  11:30  Overlord  
  69  12:01  Lurker  
  69  12:03  Zergling x2  
  69  12:04  Zergling x10  
  76  12:26  Overlord x2  
  76  12:45  Drone x2  
  78  13:07  Hydralisk x4  
  80  13:20  Overlord, Drone x2  
  80  13:21  Drone  
  83  13:34  Hydralisk x2  
  83  13:39  Hydralisk  
  89  13:50  Drone  
  89  13:54  Zerg Missile Weapons Level 2  
  90  14:03  Infestation Pit  
  90  14:04  Overlord  
  90  14:06  Drone  
  90  14:16  Spore Crawler, Spine Crawler  
  88  14:35  Zergling x2  
  88  14:36  Zergling x12  
  55  15:03  Hydralisk x3  
  55  15:04  Hydralisk  
  62  15:33  Infestor x2  
  63  15:40  Zergling x10  
  68  15:42  Extractor  
  68  15:47  Extractor  
  66  15:56  Hydralisk x5  
  75  16:00  Lurker  
  76  16:11  Pathogen Glands  
  76  16:13  Drone x2  
  76  16:14  Drone  
  79  16:34  Zergling x6  
  82  16:50  Muscular Augments  
  82  16:56  Hydralisk x4  
  90  17:02  Hydralisk  
  90  17:03  Drone  
  93  17:47  Hydralisk x3  
  93  17:48  Zergling x2  
  93  17:49  Overlord x2  
  70  18:17  Lurker  
  70  18:18  Lurker x2  
Show
View Real Time Build Order
Export as new Build Order

SticklerMac Zerg - Winner!

Build Orders: Pool First 

Get SALT Encoding   

  12  0:01  Drone  
  13  0:13  Overlord  
  13  0:18  Drone  
  14  0:31  Drone x2  
  16  0:35  Drone  
  17  0:50  Spawning Pool  
  17  0:53  Extractor  
  17  0:55  Drone  
  16  0:59  Drone  
  17  1:26  Hatchery  
  17  1:30  Drone  
  17  1:39  Drone x2  
  19  1:42  Drone  
  20  1:54  Zergling x2  
  21  2:07  Zergling x2  
  20  2:23  Zergling x2  
  20  2:29  Overlord  
  21  2:38  Queen  
  21  2:39  Drone  
  21  2:41  Zergling x2  
  25  2:45  Metabolic Boost  
  25  2:46  Zergling x2  
  25  2:51  Zergling x2  
  27  2:56  Spine Crawler  
  27  2:57  Spine Crawler  
  25  2:58  Spine Crawler  
  25  3:01  Zergling x2  
  25  3:02  Zergling x2  
  26  3:11  Zergling x4  
  28  3:19  Zergling x2  
  29  3:22  Zergling x2  
  31  3:37  Hatchery  
  30  3:57  Baneling Nest, Zergling x2  
  30  4:03  Overlord x2  
  30  4:25  Zergling x2  
  30  4:27  Drone x3  
  34  4:40  Zergling x8  
  37  4:49  Drone  
  38  4:54  Queen  
  38  4:58  Drone  
  38  4:59  Drone x2  
  43  5:07  Overlord  
  43  5:09  Overlord  
  43  5:32  Zergling x8  
  43  5:33  Zergling x8  
  48  5:38  Zergling x4  
  50  5:48  Zergling x4  
  50  6:03  Drone x2  
  52  6:14  Drone x2  
  54  6:28  Lair  
  54  6:31  Drone x5  
  59  6:33  Overlord x4  
  59  6:36  Extractor  
  59  6:39  Extractor  
  57  6:41  Drone  
  57  6:42  Drone  
  59  6:52  Drone  
  60  7:05  Drone  
  60  7:06  Drone x6  
  60  7:07  Extractor  
  65  7:20  Baneling  
  65  7:28  Spire  
  64  7:32  Drone x4  
  64  7:33  Drone  
  69  8:03  Hatchery  
  68  8:31  Overlord x3  
  68  8:40  Mutalisk x4  
  68  8:41  Mutalisk x6  
  87  8:52  Mutalisk x5  
  87  8:55  Drone  
  98  8:59  Zergling x2  
  98  9:00  Mutalisk  
  100  9:13  Mutalisk, Zergling x2  
  100  9:16  Mutalisk  
  105  9:23  Queen  
  107  9:40  Mutalisk x2  
  107  9:43  Zergling x12  
  100  10:07  Mutalisk x3  
  100  10:09  Zergling x14  
  100  10:10  Zergling x4  
  89  10:16  Zergling x4  
  91  10:29  Mutalisk x2  
  95  10:51  Mutalisk x2  
  95  10:53  Zergling x10  
  104  11:05  Zergling x2  
  104  11:07  Zergling x2  
  104  11:08  Zergling x6  
  109  11:18  Roach Warren  
  108  11:31  Drone x4  
  108  11:32  Drone x4  
  118  12:15  Roach  
  118  12:16  Roach x2  
  118  12:20  Overlord x3  
  118  12:21  Overlord x2  
  118  12:22  Overlord x2  
  122  12:23  Overlord x3  
  122  12:47  Roach  
  122  12:48  Roach x8  
  136  13:02  Hatchery x2, Overseer  
  136  13:04  Hatchery  
  122  13:06  Roach x9  
  122  13:07  Roach x2  
  135  13:20  Roach  
  135  13:21  Roach x3  
  143  13:34  Roach x2  
  143  13:35  Roach  
  149  13:42  Glial Reconstitution  
  149  13:45  Zerg Flyer Armor Level 1, Zergling x2  
  149  13:46  Zergling x4  
  156  14:02  Roach  
  156  14:03  Roach x7  
  156  14:04  Roach x4  
  172  14:31  Roach x5  
  178  14:32  Roach x3  
  166  14:49  Roach x3  
  166  14:50  Roach x2  
  154  15:00  Roach x3  
  156  15:29  Drone x6  
  156  15:30  Drone  
  163  15:40  Infestation Pit  
  163  15:41  Drone x6  
  163  15:42  Drone x2  
  170  15:43  Drone  
  170  15:45  Drone  
  171  16:13  Extractor  
  171  16:16  Drone x3  
  173  16:18  Hive  
  173  16:23  Roach  
  173  16:24  Roach x7  
  173  16:25  Roach  
  191  17:03  Overseer  
  191  17:05  Overseer  
  191  17:07  Mutalisk  
  191  17:08  Mutalisk x3  
  169  18:26  Hatchery  
  153  18:32  Hatchery  
  140  18:35  Hatchery  
  140  18:37  Overlord x4  
  140  18:38  Overlord x2  
Tags
 
Add a new tag
Caveats
  • Supply blocks, unpowered buildings, or Contaminate may cause inaccurate times.
  • Supply counts are checked every 10 seconds.